 Dungeon Crawl Stone Soup version 0.20-b1 (webtiles) character file.

17286 MTVSty1e the Fighter (level 12, -5/186 HPs)
             Began as a Minotaur Fighter on May 18, 2017.
             Was a High Priest of Okawaru.
             Slain by Inarius's ghost (17 damage)
             ... on level 11 of the Dungeon.
             The game lasted 00:27:39 (10582 turns).

MTVSty1e the Fighter (Minotaur Fighter)            Turns: 10582, Time: 00:27:40

Health: -5/186     AC: 26    Str: 26      XL:     12   Next: 17%
Magic:  14/14      EV:  2    Int:  7 (9)  God:    Okawaru [*****.]
Gold:   759        SH: 15    Dex: 13      Spells: 11/11 levels left

rFire    . . .     SeeInvis .   b - +0 broad axe
rCold    . . .     Gourm    .   c - +0 shield
rNeg     + + +     Faith    .   (armour currently unavailable)
rPois    +         Spirit   .   (helmet currently unavailable)
rElec    .         Reflect  +   (cloak currently unavailable)
rCorr    .         Harm     .   (gloves currently unavailable)
MR       .....     NoTele   +   (boots currently unavailable)
Stlth    +.........             n - +3 amulet of reflection
Regen    0.5/turn               d - +3 ring of dexterity
MPRegen  0.2/turn               x - ring of positive energy

@: tree-form
A: (retaliatory headbutt), clever 2, robust 1
a: Heroism, Finesse, Renounce Religion


You were on level 11 of the Dungeon.
You worshipped Okawaru.
Okawaru was extremely pleased with you.
You were not hungry.
You were a tree.
You visited 2 branches of the dungeon, and saw 12 of its levels.

You collected 759 gold pieces.

Inventory:

Hand Weapons
 a - a +5 falchion
 b - a +0 broad axe (weapon)
Armour
 c - a +0 shield (worn)
 i - a +0 cloak (melded)
 w - a +0 pair of gloves (melded)
 y - a +0 troll leather armour
 K - a +0 pair of boots (melded)
 L - a +0 plate armour (melded)
Jewellery
 d - a +3 ring of dexterity (left branch)
 n - a +3 amulet of reflection (around neck)
 s - an uncursed ring of fire
 x - a ring of positive energy (right branch)
 H - an uncursed amulet of faith
Wands
 e - a wand of iceblast (10/15)
Scrolls
 g - 4 scrolls of remove curse
 h - 2 scrolls of identify
 k - a scroll of magic mapping
 l - 4 scrolls of teleportation
 o - 2 scrolls of immolation
 q - 2 scrolls of amnesia
 F - a scroll of enchant armour
 I - a scroll of recharging
Potions
 m - a potion of agility {unknown}
 r - 2 potions of lignification
 t - a potion of brilliance {unknown}
 u - 3 potions of cancellation
 v - a potion of berserk rage {unknown}
 z - 2 potions of degeneration {unknown}
 A - 4 potions of ambrosia
 B - a potion of haste {unknown}
 E - 3 potions of curing
Books
 j - a book of Misfortune

   Spells                             Type                      Level
   a - Confusing Touch                Hexes                        1
   b - Confuse                        Hexes                        3
   c - Gell's Gravitas                Translocation                3
   d - Petrify                        Transmutation/Earth          4
   e - Metabolic Englaciation         Hexes/Ice                    5
   f - Yara's Violent Unravelling     Hexes/Transmutation          5
Miscellaneous
 p - a phial of floods (inert)
Comestibles
 f - 14 bread rations
 C - a royal jelly
 D - 3 fruits


   Skills:
 * Level 12.8 Fighting
 + Level 10.0 Axes
 + Level 10.0 Armour
 + Level 8.4 Dodging
 + Level 9.7 Shields
 + Level 4.8 Invocations
 + Level 4.6 Evocations


You had 11 spell levels left.
You didn't know any spells.

Dungeon Overview and Level Annotations

Branches:
Dungeon (11/15)            Temple (1/1) D:7             Orc (0/2) D:9
   Lair: D:8-11

Altars:
Ashenzari
Dithmenos
Elyvilon
Fedhas
Kikubaaqudgha
Makhleb
Nemelex Xobeh
Okawaru
Qazlal
Sif Muna
Trog
Vehumet

Shops:
D:9 *

Annotations:
D:11 Fannar; Inarius's ghost, journeyman MiFi


Innate Abilities, Weirdness & Mutations

((You reflexively headbutt those who attack you in melee.))
((You have a pair of horns on your head.))
Your mind is very acute. (Int +4)
((Your system is resistant to poisons. (rPois)))
You are robust. (+10% HP)
((You are covered in fur. (AC +1)))


Message History

Inarius's ghost is lightly damaged.
Inarius's ghost hits you but does no damage.
You slice Inarius's ghost!!
Inarius's ghost is moderately damaged.
You block Inarius's ghost's attack.
You hit Inarius's ghost but do no damage.
Inarius's ghost is moderately damaged.
Inarius's ghost hits you but does no damage.
You slash Inarius's ghost!
Inarius's ghost is heavily damaged.
Inarius's ghost hits you.
* * * LOW HITPOINT WARNING * * *
You are electrocuted!
* * * LOW HITPOINT WARNING * * *
You slash Inarius's ghost!
Inarius's ghost is heavily damaged.
You block Inarius's ghost's attack.
Inarius's ghost hits you but does no damage.
You are electrocuted!
You die...

#.# #.##....).<.........)
#.# #.######..#########.#
#)# #.# #))# #........ #)#
#.# #..# #.#####.#
####)###.# #.)# #........
#........#### #..# #.#####.#
#........##.###..# #.# #.#
#............##..###.#####.#
#..........♣W..........##..#
#.......##.####...).....<.##
#.......##.# #.####.#.#....
#.......##.# #. ...#.##.##
####..####.# ## ###.#.##.#
#..# #.# #....... #. #.#
##..##).. #.# #.###### #.


You could see Inarius's ghost.

Vanquished Creatures
  Snorg (D:10)
  A two-headed ogre (D:8)
  Sonja (D:10)
  An unseen horror (D:11)
  The ghost of MTVSty1e the Skirmisher, a novice DsGl of Makhleb (D:6)
  The ghost of Frank the Blocker, a novice GrFi of the Shining One (D:7)
  2 ugly things (D:11)
  A centaur zombie (D:10)
  A gargoyle (D:9)
  4 kobold demonologists (D:11)
  2 trolls
  A hornet (D:9)
  2 hippogriffs
  4 wraiths (D:10)
  A spriggan (D:7)
  A yak (shapeshifter) (D:9)
  12 yaks
  2 hungry ghosts
  4 humans
  3 wargs (D:9)
  7 orc warriors
  A sky beast (D:9)
  2 black bears
  An ice beast (D:5)
  An eye of draining (D:9)
  4 necrophages
  6 ogres
  A phantom (D:6)
  4 centaurs
  4 wolves (D:10)
  A big kobold (D:9)
  5 bullfrogs
  A gnoll sergeant (D:7)
  A water moccasin zombie (D:6)
  2 scorpions
  12 killer bees (D:11)
  A howler monkey (D:4)
  8 wights
  4 crimson imps
  A bullfrog zombie (D:10)
  2 hounds
  2 jellies
  3 bullfrog skeletons
  2 centaur skeletons
  3 iguanas
  7 orc priests
  16 orc wizards
  5 worker ants
  2 worker ant zombies
  8 gnolls
  A howler monkey skeleton (D:7)
  12 adders
  4 shadow imps
  2 worms
  A dart slug (D:4)
  6 leopard geckos
  34 orcs
  3 giant cockroaches
  11 goblins
  5 hobgoblins
  7 jackals
  13 kobolds
  7 quokkas
  9 ball pythons
  6 bats
  5 frilled lizards
  A giant cockroach zombie (D:5)
  A quokka skeleton (D:5)
  A quokka zombie (D:5)
  8 rats
300 creatures vanquished.

Vanquished Creatures (collateral kills)
  Josephine (D:10)
  An orc wizard (D:10)
2 creatures vanquished.

Vanquished Creatures (others)
  2 centaurs
2 creatures vanquished.

Grand Total: 304 creatures vanquished

Notes
Turn   | Place    | Note
-------+----------+-------------------------------------------
     0 | D:1      | MTVSty1e the Minotaur Fighter began the quest for the Orb.
     0 | D:1      | Reached XP level 1. HP: 19/19 MP: 0/0
   197 | D:1      | Reached XP level 2. HP: 27/27 MP: 1/1
   214 | D:1      | Reached skill level 4 in Fighting
   352 | D:1      | Reached skill level 1 in Dodging
   360 | D:1      | Reached XP level 3. HP: 20/33 MP: 2/2
  1593 | D:3      | Reached XP level 4. HP: 40/40 MP: 3/3
  2008 | D:3      | Reached XP level 5. HP: 47/47 MP: 4/4
  2220 | D:3      | Reached skill level 5 in Fighting
  2226 | D:3      | Reached XP level 6. HP: 38/56 MP: 5/5
  2671 | D:4      | Reached skill level 5 in Shields
  2737 | D:4      | Found a deep blue altar of Sif Muna.
  2981 | D:4      | Found a burning altar of Makhleb.
  3248 | D:5      | Entered Level 5 of the Dungeon
  3270 | D:5      | Noticed an ice beast
  3276 | D:5      | Killed an ice beast
  3276 | D:5      | Reached skill level 5 in Armour
  3322 | D:5      | Reached XP level 7. HP: 60/62 MP: 6/6
  3471 | D:5      | Reached skill level 6 in Fighting
  3621 | D:5      | Found a bloodstained altar of Trog.
  3630 | D:5      | Found a blossoming altar of Fedhas.
  3647 | D:5      | Reached skill level 5 in Axes
  3839 | D:5      | Found an ancient bone altar of Kikubaaqudgha.
  3839 | D:5      | Noticed a human
  3944 | D:6      | Noticed a human
  3946 | D:6      | Noticed a human
  3947 | D:6      | Noticed a human
  3956 | D:5      | Killed a human
  3963 | D:5      | Reached XP level 8. HP: 56/71 MP: 7/7
  3975 | D:5      | Reached skill level 7 in Fighting
  4130 | D:6      | Noticed MTVSty1e's ghost (novice DsGl)
  4155 | D:5      | Reached skill level 8 in Fighting
  4389 | D:6      | Killed MTVSty1e's ghost
  4389 | D:6      | Reached skill level 5 in Dodging
  4389 | D:6      | Reached XP level 9. HP: 62/82 MP: 8/8
  4505 | D:6      | Reached skill level 9 in Fighting
  4853 | D:6      | Found an ancient bone altar of Kikubaaqudgha.
  5024 | D:6      | Found a sparkling altar of Nemelex Xobeh.
  5280 | D:7      | Found a staircase to the Ecumenical Temple.
  5295 | Temple   | Entered the Ecumenical Temple
  5306 | Temple   | Became a worshipper of Warmaster Okawaru
  5492 | D:7      | Noticed Frank's ghost (novice GrFi)
  5507 | D:7      | Killed Frank's ghost
  5507 | D:7      | Reached * piety under Okawaru
  5611 | D:7      | Reached skill level 10 in Fighting
  6304 | D:8      | Found a sparkling altar of Nemelex Xobeh.
  6304 | D:8      | Found a shadowy altar of Dithmenos.
  6304 | D:8      | Found a white marble altar of Elyvilon.
  6306 | D:8      | Found a shattered altar of Ashenzari.
  6306 | D:8      | Found a stormy altar of Qazlal.
  6321 | D:8      | Reached XP level 10. HP: 85/93 MP: 9/9
  6501 | D:8      | Noticed a two-headed ogre
  6685 | D:8      | Killed a two-headed ogre
  6685 | D:8      | Reached skill level 1 in Invocations
  6685 | D:8      | Reached skill level 1 in Evocations
  7368 | D:9      | Gained mutation: Your flesh is cold resistant. (rC+) [mutagenic meat]
  7369 | D:9      | Gained mutation: You are weak. (Str -2) [mutagenic meat]
  7370 | D:9      | Gained mutation: You are partially covered in molten scales. (AC +2) [mutagenic meat]
  7371 | D:9      | Gained mutation: You are resistant to hostile enchantments. (MR+) [mutagenic meat]
  7401 | D:9      | Lost mutation: You are weak. (Str -2) [potion of mutation]
  7401 | D:9      | Lost mutation: You are resistant to hostile enchantments. (MR+) [potion of mutation]
  7401 | D:9      | Gained mutation: You are partially covered in thin metallic scales. (AC +2) [potion of mutation]
  7401 | D:9      | Gained mutation: Your system is resistant to poisons. (rPois) [potion of mutation]
  7401 | D:9      | Gained mutation: You are partially covered in icy blue scales. (AC +2) [potion of mutation]
  7402 | D:9      | Lost mutation: You are partially covered in icy blue scales. (AC +2) [potion of mutation]
  7402 | D:9      | Lost mutation: You are partially covered in molten scales. (AC +2) [potion of mutation]
  7402 | D:9      | Lost mutation: Your flesh is cold resistant. (rC+) [potion of mutation]
  7402 | D:9      | Lost mutation: You are partially covered in thin metallic scales. (AC +2) [potion of mutation]
  7402 | D:9      | Gained mutation: You are partially covered in rugged brown scales. (AC +1, +3% HP) [potion of mutation]
  7402 | D:9      | Gained mutation: You tend to lose your temper in combat. [potion of mutation]
  7402 | D:9      | Gained mutation: Your mind is acute. (Int +2) [potion of mutation]
  7403 | D:9      | Lost mutation: You are partially covered in rugged brown scales. (AC +1, +3% HP) [potion of mutation]
  7403 | D:9      | Gained mutation: Your mind is very acute. (Int +4) [potion of mutation]
  7403 | D:9      | Gained mutation: You are robust. (+10% HP) [potion of mutation]
  7403 | D:9      | Lost mutation: You tend to lose your temper in combat. [potion of mutation]
  7495 | D:9      | Reached ** piety under Okawaru
  7597 | D:9      | Found a staircase to the Orcish Mines.
  7604 | D:9      | Noticed a gargoyle
  7617 | D:9      | Killed a gargoyle
  7617 | D:9      | Reached skill level 11 in Fighting
  7944 | D:9      | Reached *** piety under Okawaru
  7968 | D:9      | Reached XP level 11. HP: 103/112 MP: 1/12
  7996 | D:9      | Found Gushe's General Store.
  8275 | D:9      | Reached **** piety under Okawaru
  8326 | D:10     | Entered Level 10 of the Dungeon
  8783 | D:10     | Noticed Sonja
  8785 | D:10     | Killed Sonja
  8820 | D:10     | Noticed Josephine
  8830 | D:10     | Killed Josephine
  8830 | D:10     | Reached ***** piety under Okawaru
  8838 | D:10     | Reached skill level 12 in Fighting
  9393 | D:10     | Received a gift from Okawaru
  9496 | D:10     | Noticed Snorg
  9507 | D:10     | Killed Snorg
 10039 | D:11     | Noticed Fannar
 10110 | D:11     | Killed an unseen horror
 10182 | D:11     | Noticed a brown ugly thing
 10190 | D:11     | Noticed a purple ugly thing
 10193 | D:11     | Killed a brown ugly thing
 10203 | D:11     | Killed a purple ugly thing
 10207 | D:11     | Gained mutation: You are covered in fur. (AC +1) [mutagenic meat]
 10337 | D:11     | Reached XP level 12. HP: 119/124 MP: 14/14
 10488 | D:11     | Received a gift from Okawaru
 10508 | D:11     | Reached skill level 10 in Armour
 10520 | D:11     | Reached skill level 10 in Axes
 10566 | D:11     | Noticed Inarius's ghost (journeyman MiFi)
 10582 | D:11     | Slain by Inarius's ghost

Skill      XL: |  1  2  3  4  5  6  7  8  9 10 11 12 |
---------------+-------------------------------------+-----
Fighting       | 4 5 6 8 10 11 12 | 12.8
Dodging        | 1 2 3 5 6 7 8 |  8.4
Axes           | 3 4 5 6 7 8 9 10 | 10.0
Shields        | 4 5 6 7 8 9 |  9.7
Armour         | 4 5 6 7 8 9 10 | 10.0
Invocations    | 3 4 |  4.8
Evocations     | 3 4 |  4.6

Action                   |  1- 3 |  4- 6 |  7- 9 | 10-12 || total
-------------------------+-------+-------+-------+-------++-------
Melee: War axe           |    80 |   125 |   286 |    33 ||   524
       Headbutt          |    14 |    26 |    50 |   115 ||   205
       Broad axe         |       |       |       |   437 ||   437
Invok: Heroism           |       |       |       |     1 ||     1
Evoke: Wand              |       |       |       |     6 ||     6
       Phial of floods   |       |       |       |     1 ||     1
  Use: Scroll            |       |     8 |     6 |     3 ||    17
       Potion            |       |     1 |     2 |     5 ||     8
  Eat: Royal jelly       |     1 |       |     2 |     3 ||     6
       Meat ration       |       |     1 |     1 |     3 ||     5
       Fruit             |       |     1 |     1 |     1 ||     3
       Chunk             |       |       |       |     5 ||     5
Armor: Scale mail        |    31 |    55 |   100 |       ||   186
       Skin              |       |       |    13 |     3 ||    16
       Plate armour      |       |       |       |   204 ||   204
Dodge: Dodged            |    35 |    46 |    98 |   142 ||   321
Block: Shield            |    45 |    54 |   163 |   378 ||   640
       Reflection        |       |       |       |    20 ||    20
